 Dungeon Crawl Stone Soup version 0.29-a0-1027-gcd8c55af63 (webtiles) character file.

Game seed: 15526961260398038292

661286 frimble the Slayer (level 27, -1/229 HPs)
             Began as a Demonspawn Earth Elementalist on Aug 13, 2022.
             Was the Champion of Cheibriados.
             Slain by a bennu (20 damage)
             ... on level 3 of the Tomb of the Ancients on Aug 14, 2022.
             The game lasted 01:23:04 (58817 turns).

frimble the Slayer (Demonspawn Earth Elementalist) Turns: 58817, Time: 01:23:05

Health: -1/229     AC: 30    Str: 32      XL:     27
Magic:  12/47      EV: 23    Int: 47      God:    Cheibriados [******]
Gold:   6745       SH: 17    Dex: 24 (31) Spells: 43/66 levels left

rFire   + + .      SeeInvis +   a - +11 broad axe of the Thing {vamp, rF++}
rCold   + + +      Faith    .   i - +0 kite shield
rNeg    + + +      Spirit   .   D - quicksilver dragon scales
rPois   ∞          Reflect  .   (helmet unavailable)
rElec   .          Harm     .   z - +2 cloak
rCorr   +          Rampage  .   Z - +2 pair of gloves {Str+3}
Will    ++++.                   S - +1 pair of boots "Minur" {SInv}
Stlth   ++........              W - amulet of regeneration
HPRegen 11.28/turn              F - +4 ring of protection
MPRegen 0.30/turn               E - ring "Vauh Pau" {rC++ rCorr Str+3 Int+4}

@: lich-form, slowed, studying 4 skills, very slow
A: draining attack, torment immunity, no potions, horns 3, ignite blood 3,
powered by death 3, sharp scales 3, corrupting presence 2, word of chaos, talons
1, see invisible, clever 1, cold resistance 1, screaming 2, MP-powered wands
}: 4/15 runes: barnacled, silver, abyssal, gossamer
a: Word of Chaos, End Transformation, Renounce Religion, Bend Time, Temporal
Distortion, Slouch, Step From Time


You were on level 3 of the Tomb of the Ancients.
You worshipped Cheibriados.
Cheibriados was exalted by your worship.
You were an undead lich.
You visited 12 branches of the dungeon, and saw 54 of its levels.
You visited the Abyss 1 time.
You also visited: Gauntlet and Wizlab.

You collected 12015 gold pieces.
You spent 5270 gold pieces at shops.

Inventory:

Hand Weapons
 a - the +11 broad axe of the Thing (weapon) {vamp, rF++}
   (You found it on level 2 of the Lair of Beasts)

   It occasionally heals its wielder for a portion of the damage dealt when it
   wounds a living foe.
   rF:        It greatly protects you from fire.
Missiles
 A - 9 throwing nets
Armour
 i - a +0 kite shield (worn)
 z - a +2 cloak (worn)
 D - quicksilver dragon scales (worn)
 L - a +4 troll leather armour
 Q - a scarf of resistance
 S - the +1 pair of boots "Minur" (worn) {SInv}
   (You found it in a Gauntlet)

   SInv:      It lets you see invisible.
 Z - a +2 pair of gloves of strength (worn)
Jewellery
 E - the ring "Vauh Pau" (right hand) {rC++ rCorr Str+3 Int+4}
   (You found it in a Gauntlet)

   [ring of resist corrosion]

   Str:       It affects your strength (+3).
   Int:       It affects your intelligence (+4).
   rC:        It greatly protects you from cold.
   rCorr:     It protects you from acid and corrosion.
 F - a +4 ring of protection (left hand)
 G - the ring "Ucigege" {Ice rElec rN++ Dex+5}
   (You found it on level 3 of the Shoals)

   [ring of ice]

   It enhances your ice magic.
   Dex:       It affects your dexterity (+5).
   rF:        It makes you vulnerable to fire.
   rC:        It protects you from cold.
   rElec:     It insulates you from electricity.
   rN:        It greatly protects you from negative energy.
 K - an amulet of magic regeneration
 P - a +4 ring of protection
 W - an amulet of regeneration (around neck)
 X - the ring "Ohualeno" {rCorr Int+6}
   (You took it off a deep elf knight on level 3 of the Elven Halls)

   [ring of intelligence]

   Int:       It affects your intelligence (+6).
   rCorr:     It protects you from acid and corrosion.
Wands
 b - a wand of digging (15)
 o - a wand of charming (62)
 w - a wand of roots (18)
 M - a wand of mindburst (21)
 R - a wand of flame (43)
 V - a wand of light (5)
Scrolls
 c - 22 scrolls of teleportation
 d - 9 scrolls of fog
 g - 4 scrolls of amnesia
 k - 11 scrolls of immolation
 m - 10 scrolls of magic mapping
 p - 8 scrolls of enchant weapon
 y - 14 scrolls of blinking
 C - 8 scrolls of enchant armour
 J - 7 scrolls of fear
 N - 2 scrolls of silence
 O - 11 scrolls of vulnerability
 U - 10 scrolls of summoning
Potions
 f - 5 potions of invisibility
 h - 6 potions of mutation
 j - 4 potions of berserk rage
 l - 32 potions of curing
 n - 6 potions of might
 q - 2 potions of magic
 r - 10 potions of attraction
 s - 10 potions of brilliance
 u - 6 potions of cancellation
 v - 3 potions of resistance
 x - 7 potions of ambrosia
 B - 4 potions of lignification
 H - 12 potions of flight
 I - 16 potions of heal wounds
Miscellaneous
 e - a phantom mirror
 t - a condenser vane
 T - a tin of tremorstones (2/2)
 Y - a box of beasts


   Skills:
 - Level 21.5 Fighting
 - Level 2.8(9.4) Short Blades
 - Level 13.8(14.0) Long Blades
 - Level 18.0 Axes
 - Level 15.0 Dodging
 - Level 1.8 Stealth
 - Level 19.3 Shields
 - Level 20.0 Spellcasting
 + Level 18.4 Necromancy
 - Level 10.1 Transmutations
 - Level 11.0 Earth Magic
 - Level 15.0 Invocations
 - Level 6.0 Evocations


You had 43 spell levels left.
You knew the following spells:

 Your Spells              Type           Power      Damage    Failure   Level
a - Sandblast             Erth           100%       2d20      0%          1
b - Passwall              Tmut/Erth      81%        N/A       0%          2
c - Statue Form           Tmut/Erth      65%        N/A       1%          6
d - Necromutation         Tmut/Necr      67%        N/A       16%         8
e - Blink                 Tloc           94%        N/A       1%          2
f - Passage of Golubria   Tloc           47%        N/A       8%          4

Your spell library contained the following spells:

 Spells                   Type           Power      Damage    Failure   Level
 Beastly Appendage        Tmut           100%       N/A       0%          1
 Necrotise                Necr           100%       1d9       0%          1
 Sublimation of Blood     Necr           100%       N/A       0%          2
 Vampiric Draining        Necr           100%       2d13      0%          3
 Dispel Undead            Necr           100%       3d31      0%          4
 Agony                    Necr           100%       N/A       0%          5
 Apportation              Tloc           94%        N/A       1%          1
 Foxfire                  Conj/Fire      100%       2x1d9     1%          1
 Freeze                   Ice            100%       1d11      1%          1
 Magic Dart               Conj           100%       1d8       1%          1
 Shock                    Conj/Air       100%       1d9       1%          1
 Sting                    Tmut/Pois      100%       1d8       1%          1
 Summon Small Mammal      Summ           100%       N/A       1%          1
 Call Imp                 Summ           47%        N/A       1%          2
 Poisonous Vapours        Pois/Air       94%        N/A       1%          2
 Scorch                   Fire           94%        2d9       1%          2
 Searing Ray              Conj           94%        2d7       1%          2
 Static Discharge         Conj/Air       47%        3-9/arc   1%          2
 Stone Arrow              Conj/Erth      100%       3d13      1%          3
 Anguish                  Hex/Necr       58%        N/A       1%          4
 Animate Armour           Summ/Erth      100%       N/A       1%          4
 Corpse Rot               Necr/Pois/Air  100%       N/A       1%          4
 Ice Form                 Ice/Tmut       76%        N/A       1%          4
 Leda's Liquefaction      Hex/Erth       39%        N/A       1%          4
 Petrify                  Tmut/Erth      98%        N/A       1%          4
 Blade Hands              Tmut           48%        N/A       1%          5
 Borgnjor's Vile Clutch   Necr/Erth      67%        N/A       1%          5
 Lee's Rapid Deconstruct  Erth           50%        3d25*     1%          5
 Death Channel            Necr           73%        N/A       1%          6
 Call Canine Familiar     Summ           47%        N/A       2%          3
 Conjure Flame            Conj/Fire      47%        6-21      2%          3
 Frozen Ramparts          Ice            94%        1d15      2%          3
 Gell's Gravitas          Tloc           47%        N/A       2%          3
 Inner Flame              Hex/Fire       47%        N/A       2%          3
 Lesser Beckoning         Tloc           47%        N/A       2%          3
 Mephitic Cloud           Conj/Pois/Air  47%        N/A       2%          3
 Portal Projectile        Hex/Tloc       94%        N/A       2%          3
 Summon Guardian Golem    Hex/Summ       47%        N/A       2%          3
 Swiftness                Air            47%        N/A       2%          3
 Teleport Other           Tloc           47%        N/A       2%          3
 Tukima's Dance           Hex            47%        N/A       2%          3
 Alistair's Intoxication  Tmut/Pois      50%        N/A       2%          5
 Irradiate                Conj/Tmut      38%        3d24      2%          5
 Yara's Violent Unravell  Hex/Tmut       38%        3d15      2%          5
 Simulacrum               Ice/Necr       58%        N/A       2%          6
 Borgnjor's Revivificati  Necr           73%        N/A       2%          8
 Airstrike                Air            23%        2d(4-20)  8%          4
 Flame Wave               Conj/Fire      47%        2d12      8%          4
 Fulminant Prism          Conj/Hex       23%        3d13      8%          4
 Hailstorm                Conj/Ice       47%        3d11      8%          4
 Iskenderun's Mystic Bla  Conj/Tloc      47%        2d10      8%          4
 Summon Lightning Spire   Summ/Air       47%        N/A       8%          4
 Iron Shot                Conj/Erth      39%        9d8       13%         6
 Eringya's Noxious Bog    Tmut/Pois      38%        N/A       16%         6
 Manifold Assault         Tloc           47%        N/A       22%         5
 Summon Forest            Summ/Tloc      23%        N/A       22%         5
 Summon Mana Viper        Hex/Summ       47%        N/A       22%         5
 Death's Door             Necr           73%        N/A       41%         9
 Conjure Ball Lightning   Conj/Air       23%        3x3d6     77%         6
 Dispersal                Tloc           23%        N/A       77%         6
 Summon Cactus Giant      Summ           23%        N/A       77%         6
 Lehudib's Crystal Spear  Conj/Erth      39%        10d10     99%         8
 Enfeeble                 Hex            23%        N/A       100%        7
 Malign Gateway           Summ/Tloc      23%        N/A       100%        7
 Orb of Destruction       Conj           23%        9d8       100%        7
 Spellforged Servitor     Conj/Summ      23%        N/A       100%        7
 Summon Hydra             Summ           23%        N/A       100%        7
 Discord                  Hex            23%        N/A       100%        8
 Disjunction              Tloc           23%        N/A       100%        8
 Summon Horrible Things   Summ           23%        N/A       100%        8


Dungeon Overview and Level Annotations

Branches:
Dungeon (15/15)            Temple (1/1) D:7            Lair (5/5) D:11
 Shoals (4/4) Lair:3       Spider (4/4) Lair:3        Slime (0/5) Lair:5
    Orc (2/2) D:12            Elf (3/3) Orc:2        Vaults (5/5) D:13
  Crypt (3/3) Vaults:3       Tomb (3/3) Crypt:3      Depths (4/4) D:15
    Zot (5/5) Depths:4     WizLab (visited)         Gauntlet (visited)

Altars:
Ashenzari
Cheibriados
Dithmenos
Fedhas
Gozag
Hepliaklqana
Kikubaaqudgha
Makhleb
Nemelex Xobeh
Okawaru
Qazlal
Ru
Sif Muna
Trog
Uskayaw
Vehumet
Wu Jian
Xom
Yredelemnul
Jiyva

Shops:
D:5 [   Orc:2 :!*(   Elf:1 ([=   Elf:3 :   Shoals:2 *   Shoals:3 :*
Vaults:1 ***?   Vaults:3 ?   Vaults:4 ?

Portals:
Hell: Depths:1 Depths:2 Depths:3 Depths:4
Abyss: Depths:1 Depths:2 Depths:3
Pandemonium: Depths:1 Depths:2
Ziggurat: Depths:4

Annotations:
D:4 1 runed translucent door, ragingrage's ghost, amateur OpSu
D:6 Edmund
D:11 1 transporter
Elf:2 3 runed translucent doors


Innate Abilities, Weirdness & Mutations

You are an undead lich.
Your unarmed attacks are suffused with negative energy.
You are immune to unholy pain and torment.
Your necromantic spells are more powerful.
You cannot drink.
You are immune to poison.
You have a pair of large horns on your head.
Your demonic aura causes all spilled blood to erupt in flames.
You regenerate a lot of health from kills.
You are completely covered in razor-sharp scales. (AC +3, Slay +3)
Your presence sometimes corrodes or deforms those you injure.
You can speak a Word of Chaos.
You have sharp toenails.
You have supernaturally acute eyesight. (SInv)
Your mind is acute. (Int +4, Str/Dex -1)
Your flesh is cold resistant. (rC+)
You frequently scream uncontrollably at your foes.
You expend magic power (3 MP) to strengthen your wands.


Message History

The flying skull explodes!
The death scarab explodes!
The ancient champion explodes!
The fiery explosion engulfs the royal mummy!!!
Flame seeps out of the royal mummy.
The royal mummy is almost destroyed.
The fiery explosion engulfs the bennu.
The bennu completely resists.
The bennu is severely wounded.
The bennu blazes out!
The pyre of ghostly fire engulfs the royal mummy.
The royal mummy completely resists.
The pyre of ghostly fire engulfs the bennu.
The bennu completely resists.
The pyre of ghostly fire engulfs you but does no damage.
You resist.
The pyre of ghostly fire engulfs the bennu.
The bennu completely resists.
The death scarab explodes!
The fiery explosion engulfs the royal mummy!!
Cheibriados thoroughly appreciates the change of pace.
The fiery explosion engulfs the bennu.
The bennu completely resists.
The bennu is severely wounded.
The fiery explosion engulfs the bennu.
The bennu completely resists.
The bennu is severely wounded.
The fiery explosion engulfs you! You resist.
* * * LOW HITPOINT WARNING * * *
You feel extremely nervous for a moment...
You feel a surge of unholy energy.
The royal mummy explodes!
The fiery explosion engulfs the bennu.
The bennu completely resists.
The bennu is severely wounded.
The death scarab explodes! x2
The fiery explosion engulfs the bennu.
The bennu completely resists.
The bennu is severely wounded.
The death scarab explodes!
The fiery explosion engulfs you. You resist.
* * * LOW HITPOINT WARNING * * *
The bennu pecks you!
* * * LOW HITPOINT WARNING * * *
The bennu sears you!!
You die...

..#.§....#.M
.#§MM..M#9
§°§○§§.'
#§○○○°.#
#○§○○§○#
#§§○○§☼#
#○☼°○☼°#
#§bb○○°#
#§L○☼§§#
########


You could see a royal mummy, 2 bennus, a guardian mummy and an ushabti.

Vanquished Creatures
  2 dread liches (Zot:5)
  3 ancient liches
  The ghost of Akugygoc the Axe Maniac, a legendary MiFi of Okawaru (Zot:3)
  6 orbs of fire
  A juggernaut (Depths:4)
  9 royal mummies
  Vv (Zot:3)
  Margery (Vaults:2)
  5 Killer Klowns
  Xtahua (Crypt:2)
  2 curse toes
  Nikola (Shoals:1)
  A Hellbinder (WizLab)
  11 golden dragons
  A bone dragon (Crypt:3)
  Arachne (Spider:4)
  A Brimstone Fiend (Tomb:2)
  19 tentacled monstrosities
  3 electric golems
  22 Orb Guardians (Zot:5)
  Mlioglotl (Shoals:1)
  7 liches
  8 quicksilver dragons
  3 deep elf blademasters (Elf:3)
  6 titans
  A deep elf master archer (Elf:3)
  9 acid blobs
  8 sphinxes
  5 death cobs
  A kraken (Shoals:3)
  The ghost of IdlyInterested the Demonic Blade, an adept DsGl of Dithmenos (Shoals:3)
  A tentacled starspawn (Abyss:5)
  4 ancient champions
  5 tengu reavers
  19 shadow dragons
  8 draconian monks
  20 storm dragons
  3 revenants
  2 rockslimes (Depths:3)
  4 draconian knights
  The ghost of PyroL the Spry, an adept FeSu of Jiyva (Crypt:1)
  4 deep elf sorcerers
  2 azure jellies (Depths:3)
  3 iron dragons
  The ghost of Saseerph the Earth Mage, an adept GrEE of Vehumet (Spider:2)
  4 ghost moths
  A balrug (WizLab)
  10 fire giants
  20 vault wardens
  4 draconian scorchers
  A cacodemon (Gauntlet)
  7 frost giants
  2 orc warlords (Vaults:4)
  5 emperor scorpions
  Louise (D:14)
  A juggernaut zombie (Crypt:3)
  5 draconian stormcallers
  A curse skull (Crypt:1)
  3 draconian shifters
  3 ghouls (Crypt:1)
  2 reapers
  5 war gargoyles
  26 ironbound preservers
  7 deep elf elementalists (Elf:3)
  A spriggan defender (Depths:2)
  8 draconian annihilators
  3 broodmothers
  45 very ugly things
  A demonspawn blood saint (WizLab)
  4 deep elf annihilators (Elf:3)
  24 stone giants
  12 green draconians
  11 ironbound thunderhulks
  5 vampire knights
  The ghost of jejorda2 the Carver, a journeyman DrBe of Trog (Lair:2)
  7 bennus
  6 deep elf demonologists
  4 lorocyprocas (WizLab)
  17 black draconians
  9 dire elephants
  6 entropy weavers
  20 purple draconians
  A minotaur (shapeshifter) (Vaults:5)
  9 red draconians
  20 yellow draconians
  4 spark wasps
  9 white draconians
  An eidolon (Crypt:1)
  The ghost of Kubbetwogg the Covert, a journeyman FeEn of Dithmenos (Shoals:2)
  3 blizzard demons
  3 jiangshi (Depths:4)
  8 deep elf death magi
  4 merfolk javelineers
  8 mummy priests
  5 crystal guardians
  2 green deaths (WizLab)
  14 ettins
  10 fire dragons
  10 great orbs of eyes
  8 merfolk impalers
  19 yaktaur captains
  5 deep elf high priests
  39 vault guards
  6 rakshasas
  4 boulder beetles
  2 spriggan zombies (Crypt:1)
  A fenstrider witch zombie (Tomb:1)
  19 ice dragons
  A hell beast (Depths:3)
  9 jorogumos
  3 ironbound frosthearts
  2 peacekeepers
  11 hydras
  An ogre mage (Vaults:5)
  7 centaur warriors
  3 death knights
  4 radroaches
  4 spriggan air magi
  An alligator snapping turtle (Shoals:3)
  3 catoblepae
  5 two-headed ogres
  A merfolk avatar (Shoals:4)
  A bennu zombie (Crypt:2)
  26 dancing weapons
  10 deep troll earth magi
  An azure jelly zombie (Crypt:2)
  2 satyrs (Shoals:4)
  3 titan zombies (Crypt:3)
  60 death scarabs
  7 merfolk aquamancers
  4 tengu warriors
  7 death yaks
  3 spectral emperor scorpions
  12 deep troll shamans
  A thrashing horror (Abyss:5)
  3 orc high priests (Orc:2)
  A hell hog (Depths:3)
  8 spriggan berserkers
  21 hell knights
  3 vampire magi
  A soul eater (WizLab)
  11 deep elf knights
  A sun demon (WizLab)
  3 wretched stars (Abyss:5)
  Amaemon (Lair:3)
  3 spectral ghost moths (Spider:2)
  A sun moth (Spider:4)
  12 sea snakes
  2 shadow wraiths
  9 iron trolls
  A death drake (shapeshifter) (Vaults:5)
  17 skeletal warriors
  A titan skeleton (Tomb:2)
  2 sixfirhies (WizLab)
  An anaconda zombie (Tomb:3)
  7 glowing orange brains
  3 pharaoh ants (Spider:4)
  A death drake (Depths:4)
  68 deep trolls
  A glowing orange brain (shapeshifter) (D:13)
  A shadow demon (WizLab)
  A spriggan simulacrum (Depths:1)
  A bog body (Crypt:1)
  7 steelbarb worms
  8 deep elf archers
  An orange crystal statue (Spider:2)
  30 harpies
  12 orb spiders
  5 lindwurms
  A bunyip skeleton (Crypt:3)
  3 flayed ghosts
  10 phantasmal warriors
  An obsidian statue (Shoals:2)
  17 necromancers
  22 ironbound convokers
  2 spectral wolf spiders
  20 deep elf zephyrmancers
  15 orc knights
  8 wizards
  2 spectral jorogumos (Spider:4)
  18 deep elf pyromancers
  50 ugly things
  2 oklob plants (Zot:4)
  13 manticores
  An iron dragon zombie (Crypt:2)
  6 orc sorcerers
  A large abomination (Abyss:5)
  17 fauns
  A worldbinder (Abyss:5)
  18 wolf spiders
  2 moths of wrath (shapeshifter) (Vaults:5)
  13 cyclopes
  3 black mambas
  A guardian serpent (Abyss:5)
  6 elephants
  A fire giant skeleton (Vaults:2)
  3 rust devils
  A frost giant skeleton (Crypt:2)
  7 water nymphs
  9 merfolk sirens
  16 vault sentinels
  2 centaur zombies
  26 moths of wrath
  2 apocalypse crabs (Abyss:5)
  10 cane toads
  3 smoke demons
  A dire elephant skeleton (Crypt:3)
  An alligator snapping turtle zombie (Crypt:1)
  An emperor scorpion simulacrum (Spider:2)
  2 gargoyles (Gauntlet)
  9 demonic crawlers
  7 torpor snails
  2 molten gargoyles (Gauntlet)
  An eye of devastation (shapeshifter) (Depths:2)
  An orange demon (WizLab)
  An orc skeleton (Crypt:3)
  A bunyip simulacrum (Crypt:2)
  A kobold demonologist (D:13)
  An efreet (D:13)
  6 unseen horrors (Crypt:1)
  7 komodo dragons
  2 rime drakes
  26 yaktaurs
  Psyche (D:8)
  A redback zombie (Spider:4)
  4 ice devils
  3 freezing wraiths
  An entropy weaver simulacrum (Spider:2)
  A hellion (WizLab)
  2 red devils (WizLab)
  2 tengu conjurers
  2 ancient zymes (Abyss:5)
  A tormentor (WizLab)
  A hellwing (WizLab)
  A purple draconian skeleton (Crypt:1)
  25 guardian mummies
  A harpy zombie (Tomb:3)
  5 spriggan skeletons
  14 wind drakes
  7 meliai
  2 harpy skeletons
  14 tarantellas
  7 trolls
  3 tyrant leeches (Lair:5)
  2 spectral guardian serpents (Crypt:1)
  16 merfolk
  2 polar bears
  8 hornets
  A death drake zombie (Crypt:1)
  4 spectral tarantellas (Spider:4)
  10 blink frogs
  A merfolk (shapeshifter) (Vaults:5)
  7 raiju (Abyss:5)
  23 slime creatures
  3 tarantella zombies
  A death drake skeleton (Crypt:1)
  3 spectral culicivoras (Spider:4)
  Grinder (D:3)
  9 dream sheep
  An ettin zombie (Crypt:3)
  10 snapping turtles
  A fire dragon zombie (Crypt:3)
  2 hydra skeletons (Tomb:1)
  3 centaur simulacra (Gauntlet)
  21 jumping spiders
  A shadow (D:10)
  An ettin skeleton (Tomb:2)
  3 spriggans
  34 yaks
  A culicivora (shapeshifter) (Vaults:5)
  26 culicivoras
  48 flying skulls
  13 wraiths
  A spriggan (shapeshifter) (Vaults:5)
  12 air elementals
  4 wyverns
  A ynoxinul (WizLab)
  An alligator skeleton (Crypt:1)
  A tyrant leech zombie (Crypt:2)
  27 water elementals
  A dire elephant simulacrum (Crypt:2)
  2 fire bats (Lair:2)
  A vampire (D:10)
  4 basilisks
  11 ushabtiu
  An elf simulacrum (Vaults:2)
  2 fire elementals
  A black mamba skeleton (Tomb:1)
  5 chaos spawn
  4 neqoxecs
  A steam dragon (D:9)
  45 redbacks
  5 vampire mosquitoes
  2 wargs (Vaults:5)
  3 acid dragons
  13 water moccasins
  24 orc warriors
  A sky beast (D:7)
  2 ice beasts
  A human zombie (Vaults:2)
  4 ogres
  4 centaurs
  An elephant zombie (Crypt:2)
  29 wolves
  A manticore skeleton (Crypt:2)
  A draconian zombie (Crypt:2)
  2 kobold brigands
  6 necrophages
  18 bullfrogs
  A cyclops zombie (Crypt:1)
  An earth elemental (Elf:3)
  3 gnoll sergeants
  A human skeleton (Vaults:2)
  5 scorpions
  A yaktaur skeleton (Crypt:2)
  8 wights
  A hornet simulacrum (Gauntlet)
  21 killer bees
  2 howler monkeys
  5 electric eels
  A human simulacrum (Vaults:2)
  20 jellies
  8 starcursed masses (Abyss:5)
  A hound (D:6)
  18 orc priests
  4 gnoll boudas
  Jessica (D:3)
  A bullfrog skeleton (Crypt:1)
  5 iguanas
  17 orc wizards
  7 hell rats (Lair:5)
  A naga skeleton (Crypt:1)
  A boggart simulacrum (Gauntlet)
  18 mummies
  10 adders
  26 gnolls
  A worm (D:3)
  2 dart slugs (D:1)
  52 orcs
  11 ball pythons
  6 bats
  8 endoplasms
  4 giant cockroaches
  14 goblins
  3 hobgoblins
  18 kobolds
  2 quokkas
  5 frilled lizards
  7 rats
  2 lurking horrors (Abyss:5)
  A starspawn tentacle (Abyss:5)
  2 tentacles (Shoals:3)
2491 creatures vanquished.

Vanquished Creatures (collateral kills)
  Rupert (Lair:5)
  An orange demon (Lair:3)
  A yak (Lair:3)
3 creatures vanquished.

Vanquished Creatures (others)
  A dread lich (Zot:5)
  2 Orb Guardians (Zot:5)
  An emperor scorpion (Spider:4)
  A draconian shifter (Zot:3)
  A stone giant (Depths:2)
  A skeletal warrior (Tomb:2)
  A gargoyle (D:9)
  A redback (Vaults:5)
  An orc (D:12)
  5 demonic plants (Gauntlet)
  22 fungi
  97 plants
  2 starspawn tentacles (Abyss:5)
  3 tentacles (Shoals:3)
  26 withered plants
165 creatures vanquished.

Grand Total: 2659 creatures vanquished

Notes
Turn   | Place    | Note
-------+----------+-------------------------------------------
     0 | D:1      | frimble the Demonspawn Earth Elementalist began the quest
                  | for the Orb.
     0 | D:1      | Reached XP level 1. HP: 13/13 MP: 3/3
    31 | D:1      | Reached skill level 1 in Transmutations
   491 | D:1      | Gained mutation: Your demonic aura sometimes causes spilled
                  | blood to erupt in flames. [demonic ancestry]
   491 | D:1      | Reached XP level 2. HP: 10/19 MP: 1/5
  1290 | D:1      | Gained mutation: Your demonic aura often causes spilled
                  | blood to erupt in flames. [demonic ancestry]
  1290 | D:1      | Reached XP level 3. HP: 22/24 MP: 6/6
  1731 | D:2      | Reached skill level 1 in Short Blades
  1964 | D:2      | Gained mutation: You have a pair of small horns on your
                  | head. [demonic ancestry]
  1964 | D:2      | Reached XP level 4. HP: 30/30 MP: 7/7
  1971 | D:2      | Found a faded altar of an unknown god.
  2202 | D:3      | Noticed Jessica
  2211 | D:3      | Reached skill level 11 in Fighting
  2211 | D:3      | Gained mutation: You are partially covered in razor-sharp
                  | scales. (AC +1, Slay +1) [demonic ancestry]
  2211 | D:3      | Reached XP level 5. HP: 9/56 MP: 5/8
  2214 | D:3      | Killed Jessica
  3111 | D:3      | Noticed Grinder
  3126 | D:3      | Paralysed by Grinder for 5 turns
  3130 | D:3      | Killed Grinder
  3131 | D:3      | Reached XP level 6. HP: 43/62 MP: 6/9
  3980 | D:4      | Gained mutation: You have a pair of horns on your head.
                  | [demonic ancestry]
  3980 | D:4      | Reached XP level 7. HP: 63/68 MP: 10/10
  4076 | D:4      | Found a runed translucent door.
  4077 | D:4      | Noticed ragingrage's ghost (amateur OpSu)
  4477 | D:5      | Entered Level 5 of the Dungeon
  4527 | D:5      | Found Ufy Piwk's Antique Armour Boutique.
  4978 | D:5      | You fall into a shaft and drop 3 floors!
  4981 | D:8      | Noticed a wyvern
  5061 | D:7      | Found an ornate altar of the Wu Jian Council.
  5103 | D:6      | Reached skill level 1 in Long Blades
  5593 | D:6      | Noticed Edmund
  6251 | D:7      | Reached XP level 8. HP: 75/75 MP: 11/11
  6403 | D:7      | Reached skill level 5 in Long Blades
  6971 | D:7      | Found a staircase to the Ecumenical Temple.
  6988 | Temple   | Entered the Ecumenical Temple
  7177 | Temple   | Became a worshipper of Cheibriados the Contemplative
  7585 | D:7      | Found a sparkling altar of Nemelex Xobeh.
  7976 | D:8      | Reached XP level 9. HP: 48/81 MP: 12/12
  8834 | D:8      | Learned a level 2 spell: Passwall
  8846 | D:8      | Reached * piety under Cheibriados
  9110 | D:8      | Reached ** piety under Cheibriados
  9688 | D:8      | Found an ancient bone altar of Kikubaaqudgha.
 10090 | D:8      | Noticed Psyche
 10099 | D:8      | Killed Psyche
 10717 | D:9      | Reached XP level 10. HP: 87/88 MP: 13/13
 10829 | D:9      | Noticed a gargoyle
 11101 | D:9      | Noticed a two-headed ogre
 11113 | D:9      | Killed a two-headed ogre
 11114 | D:9      | Reached skill level 10 in Long Blades
 11417 | D:9      | Noticed a two-headed ogre
 11425 | D:9      | Killed a two-headed ogre
 12128 | D:9      | Reached *** piety under Cheibriados
 12418 | D:10     | Entered Level 10 of the Dungeon
 12834 | D:10     | Reached XP level 11. HP: 93/93 MP: 14/14
 12917 | D:10     | Noticed a two-headed ogre
 12927 | D:10     | Killed a two-headed ogre
 13365 | D:11     | Noticed a two-headed ogre
 13367 | D:11     | Noticed an orc high priest
 13373 | D:11     | Killed a two-headed ogre
 13378 | D:11     | Noticed a deep elf knight
 13389 | D:11     | Found a transporter.
 13392 | D:11     | Found a transporter.
 13423 | D:11     | Noticed an orc sorcerer
 13917 | D:11     | Found a staircase to the Lair.
 13923 | D:11     | Reached skill level 1 in Evocations
 13937 | D:11     | Noticed an eight-headed hydra
 13953 | D:11     | Reached **** piety under Cheibriados
 13977 | D:12     | Noticed a purple ugly thing
 13986 | D:12     | Killed a purple ugly thing
 14297 | D:12     | Found a staircase to the Orcish Mines.
 14693 | D:12     | Noticed a purple ugly thing
 14700 | D:12     | Killed a purple ugly thing
 14915 | D:13     | Noticed a purple ugly thing
 14923 | D:13     | Killed a purple ugly thing
 15053 | D:13     | Noticed a glowing orange brain
 15053 | D:13     | a swamp worm changed into a glowing orange brain
 15059 | D:13     | Killed a glowing orange brain
 15269 | D:13     | Noticed an eight-headed hydra
 15477 | D:13     | Noticed a deep elf pyromancer
 15483 | D:13     | Killed a deep elf pyromancer
 15492 | D:13     | Reached skill level 5 in Evocations
 15566 | D:13     | Noticed a seven-headed hydra
 15576 | D:13     | Killed a seven-headed hydra
 15577 | D:13     | Gained mutation: Your demonic aura causes all spilled blood
                  | to erupt in flames. [demonic ancestry]
 15577 | D:13     | Reached XP level 12. HP: 59/100 MP: 7/15
 15933 | D:11     | Killed an eight-headed hydra
 16147 | D:11     | Reached ***** piety under Cheibriados
 16203 | D:11     | Noticed a two-headed ogre
 16211 | D:11     | Killed a two-headed ogre
 16212 | D:11     | Reached skill level 1 in Invocations
 16576 | Lair:1   | Entered Level 1 of the Lair of Beasts
 16831 | Lair:1   | Noticed a five-headed hydra
 16848 | Lair:1   | Killed a seven-headed hydra
 16901 | Lair:1   | Reached skill level 5 in Invocations
 17543 | Lair:2   | Found a runed translucent gate.
 17589 | Lair:2   | Found a runed translucent gate.
 17589 | Lair:2   | Found a runed translucent gate.
 17590 | Lair:2   | Noticed a 12-headed hydra
 17591 | Lair:2   | Noticed jejorda2's ghost (journeyman DrBe)
 17619 | Lair:2   | Reached skill level 5 in Dodging
 18171 | Lair:3   | Reached ****** piety under Cheibriados
 18211 | Lair:3   | Found a hole to the Spider Nest.
 18215 | Lair:3   | Found a gate leading to a gauntlet.
 18222 | Gauntlet | Entered a Gauntlet
 18222 | Gauntlet | Found a transporter.
 18222 | Gauntlet | Found a transporter.
 18259 | Gauntlet | Found a transporter.
 18259 | Gauntlet | Found a transporter.
 18262 | Gauntlet | Found a transporter.
 18262 | Gauntlet | Found a transporter.
 18272 | Gauntlet | Found a transporter.
 18276 | Gauntlet | Found a transporter.
 18286 | Gauntlet | Found a transporter.
 18291 | Gauntlet | Found a transporter.
 18312 | Gauntlet | Found a transporter.
 18314 | Gauntlet | Found a transporter.
 18382 | Gauntlet | Noticed a cacodemon
 18399 | Gauntlet | Noticed a catoblepas
 18488 | Gauntlet | Got the Atlas of Lofty Reformation
 18500 | Gauntlet | Gained mutation: Your skin changes colour to match your
                  | surroundings (Stealth+). [a cacodemon]
 18507 | Gauntlet | Killed a cacodemon
 18508 | Gauntlet | Gained mutation: You have a pair of large horns on your
                  | head. [demonic ancestry]
 18508 | Gauntlet | Reached XP level 13. HP: 78/106 MP: 12/19
 18513 | Gauntlet | Identified the +7 mace of Qosi Mudi {flame, rCorr Dex+5}
 18524 | Gauntlet | Identified the ring "Vauh Pau" {rC++ rCorr Str+3 Int+4}
 18684 | Gauntlet | Noticed a minotaur
 18688 | Gauntlet | a minotaur changed into an ice dragon
 18709 | Gauntlet | Identified the +1 pair of boots "Minur" {SInv}
 18861 | Lair:3   | Noticed Amaemon
 18873 | Lair:3   | Killed Amaemon
 18974 | Lair:3   | Reached skill level 10 in Invocations
 19205 | Lair:3   | Found a staircase to the Shoals.
 19953 | Lair:5   | Entered Level 5 of the Lair of Beasts
 20044 | Lair:5   | Noticed Rupert
 20054 | Lair:5   | Killed Rupert
 20135 | Lair:5   | Identified the +9 falchion of Utoulie {protect, rF+}
 20157 | Lair:5   | Reached XP level 14. HP: 113/113 MP: 23/23
 20240 | Lair:5   | Found a staircase to the Slime Pits.
 20241 | Lair:5   | Found a viscous altar of Jiyva.
 20314 | Lair:5   | Found a runed translucent door.
 20452 | Lair:5   | Reached skill level 10 in Dodging
 21949 | Lair:2   | Killed jejorda2's ghost
 21953 | Lair:2   | Reached skill level 15 in Invocations
 21972 | Lair:2   | Identified the +11 broad axe of the Thing {vamp, rF++}
 22181 | D:14     | Noticed Louise
 22196 | D:14     | Killed Louise
 22197 | D:14     | Reached skill level 1 in Axes
 22928 | D:15     | Entered Level 15 of the Dungeon
 22947 | D:15     | Reached skill level 5 in Axes
 23052 | D:15     | Found a staircase to the Depths.
 23434 | D:15     | Found a blossoming altar of Fedhas.
 23841 | Orc:1    | Entered Level 1 of the Orcish Mines
 23848 | Orc:1    | Gained mutation: You regenerate a little health from kills.
                  | [demonic ancestry]
 23848 | Orc:1    | Reached XP level 15. HP: 112/119 MP: 17/26
 24081 | Orc:2    | Entered Level 2 of the Orcish Mines
 24182 | Orc:2    | Found a staircase to the Elven Halls.
 24286 | Orc:2    | Found Quruodghe's Book Shoppe.
 24295 | Orc:2    | Found Pupnits's General Store.
 24305 | Orc:2    | Paralysed by an orc sorcerer for 4 turns
 24427 | Orc:2    | Found Hutzuise's Antique Weapon Shop.
 24429 | Orc:2    | Found Pixtol's Distillery.
 24438 | Orc:2    | Bought a potion of attraction for 42 gold pieces
 24438 | Orc:2    | Bought a potion of attraction for 42 gold pieces
 24438 | Orc:2    | Bought a potion of curing for 42 gold pieces
 24438 | Orc:2    | Bought a potion of heal wounds for 70 gold pieces
 24438 | Orc:2    | Bought a potion of curing for 42 gold pieces
 24438 | Orc:2    | Bought a potion of curing for 42 gold pieces
 24859 | Elf:1    | Entered Level 1 of the Elven Halls
 25069 | Elf:1    | Found Pybrec's Armour Emporium.
 25069 | Elf:1    | Found Piojae Duuc's Weapon Shoppe.
 25264 | Elf:1    | Reached skill level 10 in Axes
 25417 | Elf:1    | Identified the +0 robe "Ogoil" {rC++ MP+9}
 25455 | Elf:1    | Found Oxul's Jewellery Shoppe.
 26404 | Elf:1    | Found a radiant altar of Vehumet.
 27456 | Elf:2    | Paralysed by an air elemental for 1 turns
 27658 | Elf:2    | Found a runed translucent gate.
 27658 | Elf:2    | Found a runed translucent gate.
 27658 | Elf:2    | Found a runed translucent gate.
 27897 | Elf:3    | Entered Level 3 of the Elven Halls
 27934 | Elf:3    | Got the Compendium of Beguiling and Poisoning
 27941 | Elf:3    | Identified the +3 ring mail of Moral Flaws {rElec Str+3}
 27977 | Elf:3    | Noticed a deep elf blademaster
 27982 | Elf:3    | Noticed a deep elf master archer
 27984 | Elf:3    | Killed a deep elf blademaster
 27984 | Elf:3    | Noticed a deep elf blademaster
 27985 | Elf:3    | Reached XP level 16. HP: 124/125 MP: 20/27
 27986 | Elf:3    | Killed a deep elf master archer
 27994 | Elf:3    | Killed a deep elf blademaster
 28006 | Elf:3    | Noticed a deep elf blademaster
 28008 | Elf:3    | Identified the +3 dagger "Touw" {flame, rN++}
 28008 | Elf:3    | Identified the ring "Ohualeno" {rCorr Int+6}
 28014 | Elf:3    | Killed a deep elf blademaster
 28029 | Elf:3    | Reached skill level 15 in Axes
 28115 | Elf:3    | Identified the +1 buckler of the Dice {rElec rF- Dex+5}
 28125 | Elf:3    | Identified the +4 mace "Qotz" {flame, Dex+3}
 28139 | Elf:3    | Got the Papyrus of Invincibility
 28145 | Elf:3    | Got the Spellbook of Amassed Shapes
 28146 | Elf:3    | Identified the +1 acid dragon scales of Minor Irritation
                  | {-Cast Harm Will+ rCorr}
 28156 | Elf:3    | Paralysed by an air elemental for 1 turns
 28270 | Elf:3    | Identified the +8 falchion of the Incandescent {speed,
                  | Str-3 Int+8 Stlth-}
 29037 | Elf:3    | Found Peolorr's Tremendous Tomes.
 29046 | Elf:3    | Noticed a Brimstone Fiend
 29696 | Depths:1 | Entered Level 1 of the Depths
 29720 | Depths:1 | Gained mutation: You are mostly covered in razor-sharp
                  | scales. (AC +2, Slay +2) [demonic ancestry]
 29720 | Depths:1 | Reached XP level 17. HP: 112/131 MP: 5/28
 29913 | Depths:1 | Found a gateway to Hell.
 30034 | Depths:1 | Found a broken altar of Ashenzari.
 30091 | Depths:1 | Found a one-way gate leading to the halls of Pandemonium.
 30213 | Depths:1 | Found a one-way gate to the infinite horrors of the Abyss.
 31651 | Depths:2 | Reached skill level 12 in Fighting
 32175 | Depths:2 | Noticed a titan
 32180 | Depths:2 | Killed a titan
 32182 | Depths:2 | Noticed a golden dragon
 32183 | Depths:2 | Noticed a tentacled monstrosity
 32194 | Depths:2 | Gained mutation: You regenerate health from kills. [demonic
                  | ancestry]
 32194 | Depths:2 | Reached XP level 18. HP: 50/141 MP: 4/29
 32197 | Depths:2 | Killed a tentacled monstrosity
 32198 | Depths:2 | Reached skill level 5 in Spellcasting
 32203 | Depths:2 | Killed a golden dragon
 32489 | Depths:2 | Noticed a tentacled monstrosity
 32502 | Depths:2 | Noticed a tentacled monstrosity
 32509 | Depths:2 | Killed a tentacled monstrosity
 32519 | Depths:2 | Killed a tentacled monstrosity
 32949 | Depths:2 | Reached skill level 13 in Fighting
 33049 | Depths:3 | You fall into a shaft and drop 1 floor!
 33049 | Depths:4 | Entered Level 4 of the Depths
 33090 | Depths:4 | Noticed a juggernaut
 33107 | Depths:4 | Killed a juggernaut
 33290 | Depths:4 | Found a one-way gateway to a ziggurat.
 33737 | Depths:4 | Noticed a golden dragon
 33738 | Depths:4 | Noticed a golden dragon
 33757 | Depths:4 | Killed a golden dragon
 33759 | Depths:4 | Killed a golden dragon
 33760 | Depths:4 | Noticed a tentacled monstrosity
 33762 | Depths:4 | Noticed a tentacled monstrosity
 33772 | Depths:4 | Reached skill level 14 in Fighting
 33774 | Depths:4 | Killed a tentacled monstrosity
 33781 | Depths:4 | Killed a tentacled monstrosity
 33847 | Depths:4 | Noticed a golden dragon
 33857 | Depths:4 | Killed a golden dragon
 34073 | Depths:4 | Reached XP level 19. HP: 147/149 MP: 31/31
 34092 | Depths:4 | Identified the +7 war axe of Analysis {venom, rF+ Will++}
 34259 | Depths:4 | Found a gate to the Realm of Zot.
 34617 | Depths:4 | Identified a scroll of acquirement
 34617 | Depths:4 | Acquired 404 gold pieces
 34635 | Depths:4 | Reached skill level 15 in Fighting
 34973 | Depths:3 | Reached skill level 10 in Spellcasting
 35403 | Depths:3 | Found a transporter.
 35437 | Depths:3 | Found a viscous altar of Jiyva.
 35438 | Depths:3 | Found a transporter.
 35651 | Depths:3 | Reached XP level 20. HP: 155/164 MP: 34/34
 35653 | Depths:3 | Reached skill level 15 in Dodging
 35654 | Depths:3 | Reached skill level 16 in Fighting
 35680 | Depths:3 | Identified the ring of Imaoq {rCorr Int+4}
 35880 | Depths:2 | Identified the +3 plate armour of Apathy {Harm *Slow rElec
                  | Dex-3}
 36224 | Spider:1 | Entered Level 1 of the Spider Nest
 36259 | Spider:1 | Reached skill level 1 in Shields
 36311 | Spider:1 | You fall into a shaft and drop 1 floor!
 36805 | Spider:1 | Reached skill level 5 in Shields
 37536 | Spider:2 | Found a transporter.
 37546 | Spider:2 | Found a transporter.
 37591 | Spider:2 | Found a transporter.
 37594 | Spider:2 | Found a transporter.
 37597 | Spider:2 | Noticed Saseerph's ghost (adept GrEE)
 37748 | Spider:2 | Killed Saseerph's ghost
 37758 | Spider:2 | Identified the +5 mace of Dim Light {vorpal, rElec rF+
                  | Int+7}
 38454 | Spider:4 | Entered Level 4 of the Spider Nest
 38456 | Spider:4 | Noticed Arachne
 38484 | Spider:4 | Paralysed by a jorogumo for 2 turns
 38533 | Spider:4 | Killed Arachne
 38663 | Spider:4 | Reached skill level 10 in Shields
 38941 | Spider:4 | Gained mutation: Your presence sometimes corrodes those you
                  | injure. [demonic ancestry]
 38941 | Spider:4 | Reached XP level 21. HP: 156/171 MP: 36/36
 39102 | Spider:4 | Got a gossamer rune of Zot
 39413 | Shoals:1 | Entered Level 1 of the Shoals
 39563 | Shoals:1 | Noticed Mlioglotl
 39572 | Shoals:1 | Killed Mlioglotl
 39957 | Shoals:1 | Noticed Nikola
 40060 | Shoals:1 | Killed Nikola
 40353 | Shoals:2 | Learned a level 6 spell: Statue Form
 40557 | Shoals:2 | Reached skill level 5 in Earth Magic
 40652 | Shoals:2 | Found a runed translucent gate.
 40652 | Shoals:2 | Found a runed translucent gate.
 40652 | Shoals:2 | Found a runed translucent gate.
 40653 | Shoals:2 | Found an opulent altar of Gozag.
 40654 | Shoals:2 | Found Ycarump's Assorted Antiques.
 40654 | Shoals:2 | Noticed Kubbetwogg's ghost (journeyman FeEn)
 40670 | Shoals:2 | Killed Kubbetwogg's ghost
 40985 | Shoals:3 | Found a transporter.
 40987 | Shoals:3 | Found a transporter.
 40988 | Shoals:3 | Noticed IdlyInterested's ghost (adept DsGl)
 41050 | Shoals:3 | Killed IdlyInterested's ghost
 41110 | Shoals:3 | Identified the ring "Ucigege" {Ice rElec rN++ Dex+5}
 41259 | Shoals:3 | Found Feaph's Fabulous Fripperies.
 41267 | Shoals:3 | Bought a manual of Fighting for 1280 gold pieces
 41297 | Shoals:3 | Reached skill level 5 in Transmutations
 41314 | Shoals:3 | Found Tion's Self-Improvement Boutique.
 41322 | Shoals:3 | Bought a manual of Throwing for 960 gold pieces
 41363 | Shoals:4 | Entered Level 4 of the Shoals
 41397 | Shoals:4 | Paralysed by an air elemental for 1 turns
 41421 | Shoals:4 | Paralysed by an air elemental for 1 turns
 41632 | Shoals:4 | Paralysed by an air elemental for 1 turns
 41638 | Shoals:4 | Reached skill level 17 in Fighting
 41926 | Shoals:4 | Got a barnacled rune of Zot
 41989 | Shoals:4 | Paralysed by an air elemental for 1 turns
 41993 | Shoals:4 | Paralysed by an air elemental for 1 turns
 42350 | D:13     | Found a gate to the Vaults.
 42416 | Vaults:1 | Entered Level 1 of the Vaults
 42423 | Vaults:1 | Reached XP level 22. HP: 177/177 MP: 32/37
 42532 | Vaults:1 | Found Bopuh's Magic Scroll Shoppe.
 42603 | Vaults:1 | Found Ocvur's General Store.
 42656 | Vaults:1 | Found Casui's Assorted Antiques.
 42664 | Vaults:1 | Bought a potion of heal wounds for 175 gold pieces
 42873 | Vaults:1 | Found Pexiwi's Assorted Antiques.
 42877 | Vaults:1 | Bought a potion of curing for 114 gold pieces
 42877 | Vaults:1 | Bought a potion of curing for 114 gold pieces
 42877 | Vaults:1 | Bought a scroll of blinking for 285 gold pieces
 42877 | Vaults:1 | Bought a potion of attraction for 114 gold pieces
 42964 | Vaults:1 | Reached skill level 18 in Fighting
 43426 | Vaults:2 | Noticed Margery
 43435 | Vaults:2 | Killed Margery
 43521 | Vaults:2 | You fall into a shaft and drop 2 floors!
 43526 | Abyss:3  | Cast into level 3 of the Abyss (a wizard)
 43625 | Abyss:5  | Reached skill level 19 in Fighting
 43661 | Abyss:5  | Paralysed by accursed screaming for 1 turns
 43677 | Abyss:5  | Got an abyssal rune of Zot
 43730 | Vaults:4 | Escaped the Abyss
 43900 | Vaults:4 | Reached skill level 10 in Earth Magic
 43953 | Vaults:4 | Found Keevuv's Magic Scroll Shop.
 43962 | Vaults:4 | Bought a scroll of teleportation for 48 gold pieces
 43962 | Vaults:4 | Bought a scroll of blinking for 120 gold pieces
 44426 | Vaults:4 | Reached skill level 20 in Fighting
 44783 | Vaults:4 | Reached XP level 23. HP: 181/197 MP: 38/38
 44800 | Vaults:4 | Reached skill level 10 in Transmutations
 45430 | Vaults:3 | Found Feurugist's Magic Scroll Boutique.
 45438 | Vaults:3 | Bought a scroll of acquirement for 1040 gold pieces
 45438 | Vaults:3 | Bought 3 scrolls of blinking for 450 gold pieces
 45438 | Vaults:3 | Bought a scroll of teleportation for 60 gold pieces
 45438 | Vaults:3 | Bought a scroll of magic mapping for 150 gold pieces
 45438 | Vaults:3 | Bought a scroll of immolation for 80 gold pieces
 45440 | Vaults:3 | Acquired 1044 gold pieces
 45961 | Vaults:3 | Found a staircase to the Crypt.
 45992 | Vaults:3 | Reached skill level 15 in Shields
 46839 | Vaults:2 | Identified the +6 sling of the Blushing Gods {vorpal, rElec
                  | rF+ rC- Stlth+}
 47523 | Vaults:5 | Entered Level 5 of the Vaults
 47555 | Vaults:5 | Gained mutation: Your presence sometimes corrodes or
                  | deforms those you injure. [demonic ancestry]
 47555 | Vaults:5 | Reached XP level 24. HP: 205/205 MP: 38/38
 47775 | Vaults:5 | Got a silver rune of Zot
 47783 | Vaults:5 | Identified the +10 spear of Ixinnukk {spect, Fly rElec
                  | Str+2 Int-5}
 48357 | Vaults:5 | Identified the +6 scimitar of Isomn {venom, Dex+3}
 48842 | Zot:1    | Entered Level 1 of the Realm of Zot
 48941 | Zot:1    | Noticed an orb of fire
 48952 | Zot:1    | Killed an orb of fire
 49111 | Zot:1    | Noticed an orb of fire
 49111 | Zot:1    | Gained mutation: Your body sometimes deteriorates upon
                  | taking damage. [an orb of fire]
 49121 | Zot:1    | Killed an orb of fire
 49122 | Zot:1    | Reached skill level 21 in Fighting
 50373 | Zot:2    | Gained mutation: You are completely covered in razor-sharp
                  | scales. (AC +3, Slay +3) [demonic ancestry]
 50373 | Zot:2    | Reached XP level 25. HP: 202/215 MP: 39/39
 50837 | Zot:3    | Noticed a Killer Klown
 50842 | Zot:3    | Killed a Killer Klown
 51052 | Zot:3    | Noticed Akugygoc's ghost (legendary MiFi)
 51055 | Zot:3    | Found a runed translucent door.
 51076 | Zot:3    | Noticed an orb of fire
 51086 | Zot:3    | Killed an orb of fire
 51284 | Zot:3    | Noticed Vv
 51308 | Zot:3    | Killed Vv
 51527 | Zot:3    | Reached skill level 15 in Spellcasting
 51916 | Zot:3    | Killed Akugygoc's ghost
 53374 | Zot:5    | Entered Level 5 of the Realm of Zot
 53706 | Zot:5    | Noticed a dread lich
 53707 | Zot:5    | Noticed an orb of fire
 53708 | Zot:5    | Noticed an orb of fire
 53711 | Zot:5    | Noticed an ancient lich
 53712 | Zot:5    | Noticed an orb of fire
 53715 | Zot:5    | Gained mutation: You have hidden genetic defects. [an orb
                  | of fire]
 53716 | Zot:5    | Noticed an ancient lich
 53716 | Zot:5    | Noticed a Killer Klown
 53717 | Zot:5    | Killed a dread lich
 53717 | Zot:5    | Gained mutation: You occasionally lose the ability to drink
                  | potions when taking damage. [an orb of fire]
 53718 | Zot:5    | Killed an orb of fire
 53718 | Zot:5    | Noticed a dread lich
 53722 | Zot:5    | Killed an ancient lich
 53722 | Zot:5    | Noticed a dread lich
 53723 | Zot:5    | Noticed a Killer Klown
 53723 | Zot:5    | Noticed a Killer Klown
 53727 | Zot:5    | Killed an orb of fire
 53728 | Zot:5    | Gained mutation: Your body often deteriorates upon taking
                  | damage. [an orb of fire]
 53728 | Zot:5    | Gained mutation: You occasionally shout uncontrollably at
                  | your foes. [an orb of fire]
 53729 | Zot:5    | Killed an orb of fire
 53730 | Zot:5    | Gained mutation: You regenerate a lot of health from kills.
                  | [demonic ancestry]
 53730 | Zot:5    | Reached XP level 26. HP: 222/222 MP: 45/45
 53731 | Zot:5    | Paralysed by something for 5 turns
 53735 | Zot:5    | Killed a dread lich
 53738 | Zot:5    | HP: 14/288 [white draconian stormcaller/divine providence
                  | (17)]
 53762 | Zot:5    | Gained mutation: You do not regenerate when monsters are
                  | visible. [hidden defects]
 53776 | Zot:5    | Killed an ancient lich
 53777 | Zot:5    | Lost mutation: Your skin changes colour to match your
                  | surroundings (Stealth+). [potion of mutation]
 53777 | Zot:5    | Lost mutation: You occasionally lose the ability to drink
                  | potions when taking damage. [potion of mutation]
 53777 | Zot:5    | Lost mutation: You do not regenerate when monsters are
                  | visible. [potion of mutation]
 53777 | Zot:5    | Gained mutation: You occasionally lose the ability to drink
                  | potions when taking damage. [potion of mutation]
 53777 | Zot:5    | Gained mutation: You have supernaturally acute eyesight.
                  | (SInv) [potion of mutation]
 53777 | Zot:5    | Gained mutation: You are strong-willed. (Will+) [potion of
                  | mutation]
 53778 | Zot:5    | Lost mutation: Your body often deteriorates upon taking
                  | damage. [potion of mutation]
 53778 | Zot:5    | Lost mutation: Your body sometimes deteriorates upon taking
                  | damage. [potion of mutation]
 53778 | Zot:5    | Gained mutation: Your magical capacity is low. (-10% MP)
                  | [potion of mutation]
 53778 | Zot:5    | Lost mutation: You occasionally lose the ability to drink
                  | potions when taking damage. [potion of mutation]
 53778 | Zot:5    | Gained mutation: You have sharp toenails. [potion of
                  | mutation]
 53778 | Zot:5    | Gained mutation: You expend magic power (3 MP) to
                  | strengthen your wands. [potion of mutation]
 53779 | Zot:5    | Lost mutation: You have hidden genetic defects. [potion of
                  | mutation]
 53779 | Zot:5    | Lost mutation: You are strong-willed. (Will+) [potion of
                  | mutation]
 53779 | Zot:5    | Gained mutation: You frequently scream uncontrollably at
                  | your foes. [potion of mutation]
 53779 | Zot:5    | Gained mutation: You have razor-sharp toenails. [potion of
                  | mutation]
 53828 | Zot:5    | Killed a dread lich
 53971 | Zot:5    | Identified the +3 battleaxe "Ymuifia" {flame, rC+}
 54031 | Zot:5    | Identified the +4 chain mail of the Equator {rPois rF+ rC-
                  | Int+4}
 54150 | Zot:5    | Learned a level 8 spell: Necromutation
 54153 | Zot:5    | Learned a level 2 spell: Blink
 54158 | Zot:5    | Learned a level 4 spell: Passage of Golubria
 54562 | Crypt:1  | Entered Level 1 of the Crypt
 54600 | Crypt:1  | Reached skill level 1 in Necromancy
 55128 | Crypt:1  | Found a runed translucent door.
 55128 | Crypt:1  | Noticed PyroL's ghost (adept FeSu)
 55231 | Crypt:1  | Killed PyroL's ghost
 55285 | Crypt:2  | Noticed Xtahua
 55294 | Crypt:2  | Killed Xtahua
 55295 | Crypt:2  | Reached skill level 5 in Necromancy
 55354 | Crypt:2  | Found a magical portal.
 55383 | WizLab   | Entered The Hall of the Hellbinder
 55512 | WizLab   | Gained mutation: Potions are less effective at restoring
                  | your health. [a neqoxec]
 55534 | WizLab   | Found a burning altar of Makhleb.
 55544 | WizLab   | Got the Codex of the Gathering
 55548 | WizLab   | Identified the amulet of Umiwagat {Acrobat -Tele rElec MP+9
                  | Dex+5}
 55550 | WizLab   | Identified the +0 scale mail of Bushrequoqun {rPois Str-4
                  | Dex+4 Slay+5}
 55566 | WizLab   | Found the +9 staff of Olgreb {rPois∞}
 56371 | Crypt:3  | Entered Level 3 of the Crypt
 56417 | Crypt:3  | Reached skill level 10 in Necromancy
 56625 | Crypt:3  | Found an ancient bone altar of Kikubaaqudgha.
 56625 | Crypt:3  | Noticed an ancient lich
 56631 | Crypt:3  | Killed an ancient lich
 56742 | Crypt:3  | Paralysed by a vampire knight for 5 turns
 56746 | Crypt:3  | Paralysed by a vampire knight for 3 turns
 57058 | Crypt:3  | Found a staircase to the Tomb.
 57406 | Tomb:1   | Entered Level 1 of the Tomb of the Ancients
 57440 | Tomb:1   | Gained mutation: You can speak a Word of Chaos. [demonic
                  | ancestry]
 57440 | Tomb:1   | Reached XP level 27. HP: 217/229 MP: 42/42
 57543 | Tomb:1   | Noticed a royal mummy
 57547 | Tomb:1   | Noticed a royal mummy
 57552 | Tomb:1   | Killed a royal mummy
 57562 | Tomb:1   | Killed a royal mummy
 57638 | Tomb:1   | Noticed a royal mummy
 57650 | Tomb:1   | Killed a royal mummy
 57671 | Tomb:1   | Reached skill level 15 in Necromancy
 57937 | Tomb:1   | Found the ring of Shadows {Umbra +Inv Stlth+}
 58366 | Tomb:1   | Lost mutation: You have razor-sharp toenails. [potion of
                  | mutation]
 58366 | Tomb:1   | Lost mutation: Your magical capacity is low. (-10% MP)
                  | [potion of mutation]
 58366 | Tomb:1   | Gained mutation: Your mind is acute. (Int +4, Str/Dex -1)
                  | [potion of mutation]
 58502 | Tomb:2   | Noticed a royal mummy
 58502 | Tomb:2   | Noticed a royal mummy
 58503 | Tomb:2   | Noticed a royal mummy
 58506 | Tomb:2   | Noticed a royal mummy
 58574 | Tomb:2   | Gained mutation: You are frail. (-10% HP) [mutagenic glow]
 58774 | Tomb:2   | Lost mutation: Potions are less effective at restoring your
                  | health. [potion of mutation]
 58774 | Tomb:2   | Lost mutation: You are frail. (-10% HP) [potion of
                  | mutation]
 58774 | Tomb:2   | Lost mutation: You have sharp toenails. [potion of
                  | mutation]
 58774 | Tomb:2   | Gained mutation: Your flesh is cold resistant. (rC+)
                  | [potion of mutation]
 58774 | Tomb:2   | Gained mutation: You have sharp toenails. [potion of
                  | mutation]
 58777 | Tomb:3   | Entered Level 3 of the Tomb of the Ancients
 58791 | Tomb:3   | Identified the +6 broad axe "Dragonbane" {vorpal, Str+2}
 58791 | Tomb:3   | Noticed a royal mummy
 58794 | Tomb:3   | Noticed a royal mummy
 58796 | Tomb:3   | Noticed a royal mummy
 58796 | Tomb:3   | Noticed a royal mummy
 58803 | Tomb:3   | Noticed a royal mummy
 58806 | Tomb:3   | Killed a royal mummy
 58806 | Tomb:3   | Killed a royal mummy
 58806 | Tomb:3   | Noticed a royal mummy
 58811 | Tomb:3   | Killed a royal mummy
 58816 | Tomb:3   | Noticed a royal mummy
 58817 | Tomb:3   | Killed a royal mummy
 58817 | Tomb:3   | Killed a royal mummy
 58817 | Tomb:3   | Killed a royal mummy
 58817 | Tomb:3   | Slain by a bennu

Illustrated notes

Levels and vault maps discovered:
D:1:      onia_arrival_handbag, layout_loops_cross
D:2:      layout_rooms, nicolae_ecumenical_snake_handling
D:3:      minmay_chambers_of_threes, layout_basic, kennysheep_generic_room_5,
          uniq_grinder, uniq_jessica
D:4:      layout_loops_ring, ebering_ghost_reflecting_pool,
          hangedman_decor_clover_reticule, minmay_crystal_room
D:5:      layout_loops_ring, tso_oasis_becter, serial_shops, shop_statue
D:6:      layout_gridville, uniq_edmund
D:7:      layout_basic, nemelex_diamond_rough_becter, mainiacjoe_overflow_paths,
          minmay_temple_entry_large_hall, minmay_starry_boxes
D:8:      layout_basic, kiku_gazebo_garden_becter, uniq_psyche
D:9:      layout_loops_ring, minivault_19, supply_closet_lemuel
D:10:     layout_irregular_city
D:11:     gammafunk_wand_slinger, layout_basic, grunt_lair_entry_orc_guard_hut,
          serial_bayou, serial_bayou_ford_a, serial_bayou_crossing,
          serial_bayou_pond_b, serial_bayou_pond_a
D:12:     layout_basic, erik_orc_3
D:13:     layout_basic, skrybe_vaults_entry_preservation
D:14:     layout_loops_ring, minmay_misc_feat_nine_boxes, uniq_louise
D:15:     grunt_enter_depths_hoard, layout_basic, fedhas_altar_2
Temple:   regret_index_temple_mists
Lair:1:   layout_loops_ring, nicolae_quartered_pool_little, beast_lair_carwin_6
Lair:2:   layout_gridlike, gammafunk_ghost_hydra_chop, lemuel_fruit_fields,
          grunt_megastairs_4, lemuel_fruit_tree
Lair:3:   layout_roguey, elwin_shoals_entry_stream,
          hellmonk_spider_entry_not_the_bees, gauntlet_entry_generic,
          grunt_forest_large_clearing_hut, uniq_amaemon
Lair:4:   layout_cellular_growth
Lair:5:   wormcave, layout_gridlike, slime_entry_1, uniq_rupert
Shoals:1: layout_shoals, st_cyclops, uniq_nikola, uniq_mlioglotl
Shoals:2: layout_shoals, ebering_ghost_gozag
Shoals:3: layout_shoals, ebering_ghost_davey_jones, nicolae_alphabet_shops,
          nicolae_shop_self_help
Shoals:4: shoals_end_hellmonk_storm_palace [storm_palace_center_square,
          storm_palace_corner_grid, storm_palace_corner_grid,
          storm_palace_corner_blocked, storm_palace_corner_narrow]
Spider:1: layout_cave_pods, nicolae_spider_twisty_arc_passages
Spider:2: gammafunk_sealed_arena, gammafunk_ghost_mausoleum, drop_trap
Spider:3: nicolae_spider_hilbert_zone_5 [nicolae_spider_hilbert_3_sides_1_open,
          nicolae_spider_hilbert_4_sides_1_open,
          nicolae_spider_hilbert_4_sides_1_open,
          nicolae_spider_hilbert_6_sides_1_open,
          nicolae_spider_hilbert_6_sides_1_open]
Spider:4: floodkiller_spider_rune_tomb, uniq_arachne
Orc:1:    layout_caves, serial_shops, uniq_josephine, uniq_fannar, uniq_nergalle
Orc:2:    st_orc_elflike, layout_diamond_mine
Elf:1:    elf_arrival_002, layout_loops_corners, serial_shops, shop_coins,
          basic_altar, hangedman_elven_crosses_minicolossus, minmay_shoptagon
Elf:2:    nicolae_elf_blades_splatter_lattice [nooodl_blade_entry_preview],
          layout_rooms, chequers_hall_statues_wall_a
Elf:3:    minmay_elf_hall_furrowed, layout_loops_ring,
          nicolae_shop_i_like_big_books
Vaults:1: nicolae_vaults_little_squares_6, grunt_vaults_swirl,
          vaults_mumra_chevron, hangedman_vaults_capsules,
          nicolae_vaults_meeting, v_misc_12, vaults_room_door_ring,
          vaults_dpeg_emergency_exit, layout_vaults_omnicross, serial_shops,
          shop, shop, nicolae_shop_hallway_stairs, shop
Vaults:2: nicolae_vaults_network_quincunx
          [nicolae_vaults_network_quincunx_subvault,
          nicolae_vaults_network_quincunx_subvault,
          nicolae_vaults_network_quincunx_subvault,
          nicolae_vaults_network_quincunx_subvault,
          nicolae_vaults_network_quincunx_subvault],
          nicolae_vaults_display_case, ontoclasm_vaults_fault, v_pattern_4,
          nicolae_vaults_shelves_hall, vaults_dpeg_doors, nicolae_vaults_theta,
          ontoclasm_vaults_shuriken, v_misc_2, vaults_room_pools,
          layout_vaults_big_room, uniq_margery
Vaults:3: v_rooms_1, v_pattern_2, v_rooms_3, blue_anna_dwarven_crypt,
          nicolae_vaults_twisting_passages, hangedman_vaults_snaps,
          dpeg_vaults_monster_box, st_squares, ontoclasm_vaults_ligature,
          vaults_room_door_ring, layout_vaults_maze_bifur, serial_shops, shop
Vaults:4: nicolae_vaults_arrows, ontoclasm_vaults_misaligned,
          nicolae_vaults_little_ls, v_alt_pattern_3,
          ontoclasm_vaults_loading_screen, nicolae_vaults_border_crossing,
          layout_vaults_omnigrid, serial_shops, shop_scrolls
Vaults:5
Crypt:1:  layout_basic, serial_glass, glass_columns_a, glass_columns_a,
          minmay_strange_pillars, due_unseen_surprise, item_on_display_a,
          item_on_display_a, gammafunk_ghost_grave,
          nrook_guardian_serpent_ordinary, grunt_crypt_arrival_webbed
Crypt:2:  layout_misc_corridors, lightli_enter_wizlab_magi_temple,
          grunt_ministairs_1, nicolae_crypt_stairs_room, st_stairs_8, hex_tiny,
          uniq_xtahua
Crypt:3:  cryptofortress_bobbens, uniq_josephina
Tomb:1
Tomb:2
Tomb:3
Depths:1: layout_cave_pools, rand_demon_pan_entry_5, hell_entry,
          cheibrodos_ashenzari_chains, abyss_entry_small_statue_room,
          eino_small_chamber_without_monster, lemuel_flamethrower_3
Depths:2: minmay_nested_s, layout_basic, hangedman_abyss_entry_splay,
          serial_sigils, serial_sigils_hangedman_confine,
          serial_sigils_hangedman_etch, serial_sigils_hangedman_writhe,
          serial_sigils_hangedman_scar, pan_entry, hell_entry,
          due_unseen_surprise, serial_bayou_shore_b
Depths:3: gammafunk_jiyva_shrine, layout_cross,
          nicolae_abyss_entry_one_way_or_another, grunt_mini_vestibule,
          serial_rivers, chequers_serial_rivers_room_b,
          chequers_serial_rivers_large_a, chequers_serial_rivers_micro_b,
          chequers_serial_rivers_small_3, chequers_serial_rivers_small_b,
          chequers_serial_rivers_room_b, hangedman_abyss_or_decor_stabs,
          nrook_mini_backslash
Depths:4: lemuel_castle_with_subvaults [lemuel_castle_interior_original],
          layout_basic, enter_ziggurat_a, pf_coc_iceberg
Zot:1:    layout_basic
Zot:2:    layout_concentric_octagons
Zot:3:    kennysheep_six_static_rooms, layout_misc_corridors,
          hellmonk_ghost_happy_afterlife, uniq_vv
Zot:4:    lemuel_acid_trip, layout_concentric_octagons
Zot:5:    layout_misc_corridors, drop_trap

Skill      XL: |  1  2  3  4  5  6  7  8  9 10 11 12 13 14 15 16 17 18 19 20 21 22 23 24 25 26 27 |
---------------+----------------------------------------------------------------------------------+-----
Transmutations | 1 2 6 9 10 | 10.1
Earth Magic    | 3 4 7 10 11 | 11.0
Short Blades   | 1 2 |  2.8
Fighting       | 11 12 14 15 16 17 20 21 | 21.5
Long Blades    | 3 6 8 11 13 | 13.8
Evocations     | 5 6 |  6.0
Dodging        | 6 9 11 13 14 15 | 15.0
Invocations    | 8 12 15 | 15.0
Axes           | 6 12 16 18 | 18.0
Spellcasting   | 4 8 10 11 12 18 20 | 20.0
Shields        | 10 12 17 19 | 19.3
Necromancy     | 13 18 | 18.4
Stealth        | |  1.8

Action                   |  1- 3 |  4- 6 |  7- 9 | 10-12 | 13-15 | 16-18 | 19-21 | 22-24 | 25-27 || total
-------------------------+-------+-------+-------+-------+-------+-------+-------+-------+-------++-------
Melee: Short sword       |    86 |   135 |    13 |       |       |       |       |       |       ||   234
       Unarmed           |     5 |       |     3 |       |       |       |       |       |       ||     8
       Headbutt          |       |    13 |    83 |   166 |   261 |   196 |   402 |   397 |   427 ||  1945
       Punch             |       |     1 |     3 |     8 |    17 |    12 |    11 |       |       ||    52
       Falchion          |       |       |   315 |   552 |   620 |       |       |       |       ||  1487
       Dagger            |       |       |       |    27 |       |       |       |       |       ||    27
       Broad axe         |       |       |       |       |   192 |   653 |  1351 |  1035 |  1118 ||  4349
       Kick              |       |       |       |       |       |       |       |       |   101 ||   101
 Cast: Sandblast         |    19 |     5 |    52 |     7 |     1 |     1 |       |       |       ||    85
       Passwall          |       |       |       |     1 |       |       |       |       |       ||     1
       Statue Form       |       |       |       |       |       |       |     9 |    18 |    28 ||    55
       Necromutation     |       |       |       |       |       |       |       |       |    10 ||    10
Invok: Bend Time         |       |       |       |     1 |       |       |       |       |       ||     1
       Slouch            |       |       |       |     1 |     5 |     4 |     9 |       |     4 ||    23
       Step From Time    |       |       |       |       |       |       |     1 |       |     4 ||     5
 Abil: End Transformatio |       |       |       |       |       |       |       |       |     1 ||     1
Evoke: Wand              |       |       |     3 |    17 |     3 |     3 |    17 |       |     1 ||    44
       Phantom mirror    |       |       |       |       |     2 |       |       |       |       ||     2
       Tin of tremorston |       |       |       |       |       |     4 |     3 |     2 |     2 ||    11
       Condenser vane    |       |       |       |       |       |       |     2 |       |     2 ||     4
  Use: Potion            |     1 |     4 |     6 |     1 |     3 |     4 |     4 |       |     7 ||    30
       Scroll            |       |    10 |     6 |     8 |     9 |     3 |     2 |     1 |     8 ||    47
 Stab: Sleeping          |     7 |     8 |     2 |     7 |    18 |     5 |     6 |    11 |     4 ||    68
       Distracted        |       |       |     1 |     2 |     5 |     3 |     5 |     3 |     5 ||    24
       Invisible         |       |       |     8 |       |       |       |       |       |       ||     8
Armor: Robe              |     7 |       |     3 |    30 |    39 |   228 |   299 |   121 |    15 ||   742
       Leather armour    |    13 |    32 |    68 |       |       |       |       |       |       ||   113
       Troll leather arm |       |       |       |   185 |   176 |       |       |       |       ||   361
       Skin              |       |       |       |       |       |       |    80 |   128 |   163 ||   371
       Quicksilver drago |       |       |       |       |       |       |       |       |   212 ||   212
Dodge: Dodged            |    83 |   110 |   346 |   503 |   898 |   816 |  2037 |  1092 |  1183 ||  7068
Block: Buckler           |       |       |       |       |       |       |   621 |   309 |       ||   930
       Kite shield       |       |       |       |       |       |       |       |   392 |  1183 ||  1575

Table legend: (Time is in decaauts)
 A = Elapsed time spent in this place.
 B = Non-inter-level travel time spent in this place.
 C = Inter-level travel time spent in this place.
 D = Time resting spent in this place.
 E = Time spent auto-exploring this place.
 F = Levels seen in this place.
 G = Mean time per level.
                   A        B        C        D        E       F      G
               +--------+--------+--------+--------+--------+-----+--------+
         Total |  90640 |  82939 |   7701 |    551 |  66346 |  59 | 1536.3 |
       Dungeon |  23680 |  21632 |   2048 |    405 |  18168 |  15 | 1578.7 |
        Temple |    271 |    203 |     68 |      0 |    181 |   1 |  271.0 |
          Lair |   8738 |   7842 |    896 |      0 |   6531 |   5 | 1747.6 |
        Shoals |   4936 |   4530 |    406 |     87 |   3085 |   4 | 1234.0 |
   Spider Nest |   5204 |   4836 |    368 |      0 |   3371 |   4 | 1301.0 |
  Orcish Mines |   1776 |   1494 |    282 |      0 |   1263 |   2 |  888.0 |
   Elven Halls |   6990 |   6589 |    401 |      0 |   5495 |   3 | 2330.0 |
        Vaults |  11001 |   9748 |   1253 |      0 |   7994 |   5 | 2200.2 |
         Crypt |   4566 |   4304 |    262 |      0 |   3260 |   3 | 1522.0 |
          Tomb |   2047 |   2023 |     24 |      0 |   1405 |   3 |  682.3 |
        Depths |   9872 |   8857 |   1015 |      0 |   7252 |   4 | 2468.0 |
           Zot |   9806 |   9134 |    672 |      0 |   7515 |   5 | 1961.2 |
         Abyss |    420 |    420 |      0 |      0 |     82 |   3 |  140.0 |
        Wizlab |    575 |    575 |      0 |      0 |    361 |   1 |  575.0 |
      Gauntlet |    754 |    754 |      0 |     59 |    379 |   1 |  754.0 |
               +--------+--------+--------+--------+--------+-----+--------+

Top non-repeatable levels by time:
Depths:2: 3926 daAuts
   Elf:1: 3362 daAuts
Depths:4: 3034 daAuts
   Zot:4: 2749 daAuts
Vaults:4: 2643 daAuts
     D:7: 2470 daAuts
Vaults:3: 2386 daAuts
   Elf:3: 2366 daAuts
  Lair:5: 2172 daAuts
   Zot:2: 2069 daAuts
Vaults:1: 2051 daAuts
     D:8: 2031 daAuts
    D:13: 2021 daAuts
    D:11: 2000 daAuts
Vaults:2: 1963 daAuts
